 Dungeon Crawl Stone Soup version 0.28.0-53-g5a82cb258f (webtiles) character file.

Game seed: 11875941427763393815

160 Tsarbomb the Cudgeller (level 5, 0/32 HPs)
             Began as a Gargoyle Fighter on Aug 21, 2022.
             Slain by an orc
             ... wielding a +0 morningstar
              (5 damage)
             ... on level 3 of the Dungeon.
             The game lasted 00:09:24 (2827 turns).

Tsarbomb the Cudgeller (Gargoyle Fighter)           Turns: 2827, Time: 00:09:25

Health: 0/32       AC: 12    Str: 21    XL:     5   Next: 41%
Magic:  5/5        EV:  9    Int:  9    God:
Gold:   104        SH:  4    Dex:  9    Spells: 4/4 levels left

rFire   . . .      SeeInvis .   a - +0 flail
rCold   . . .      Faith    .   c - +0 buckler
rNeg    + . .      Spirit   .   b - +0 scale mail
rPois   ∞          Reflect  .   (no helmet)
rElec   +          Harm     .   (no cloak)
rCorr   .          Rampage  .   k - +0 pair of gloves
Will    .....                   (no boots)
Stlth   ..........              (no amulet)
HPRegen 0.10/turn               (no ring)
MPRegen 0.09/turn               (no ring)

@: no status effects
A: sickness immunity, AC +4, negative energy resistance 1, electricity
resistance, torment resistance 1, petrification resistance
a: no special abilities


You were on level 3 of the Dungeon.
You visited 1 branch of the dungeon, and saw 3 of its levels.
You also visited: Sewer.

You collected 104 gold pieces.

Inventory:

Hand Weapons
 a - a +0 flail (weapon)
Missiles
 o - 57 stones (quivered)
Armour
 b - a +0 scale mail (worn)
 c - a +0 buckler (worn)
 k - a +0 pair of gloves (worn)
Scrolls
 h - 2 scrolls of teleportation {unknown}
 i - a scroll of amnesia {unknown}
 j - a scroll of identify {unknown}
Potions
 d - a potion of might
 f - a potion of ambrosia {unknown}
 g - a potion of haste {unknown}
 l - a potion of mutation {unknown}
 m - 2 potions of curing {unknown}
 n - a potion of lignification {unknown}


   Skills:
 - Level 3.2 Fighting
 + Level 5.4 Maces & Flails
 - Level 3.2 Armour
 - Level 3.2 Shields


You had 4 spell levels left.
You didn't know any spells.
Your spell library was empty.

Dungeon Overview and Level Annotations

Branches:
Dungeon (3/15)              Sewer (visited)

Altars:

Annotations:
D:1 exclusions: door and downstairs
D:3 Pargi


Innate Abilities, Weirdness & Mutations

You are immune to sickness and miasma.
Your stone body is resilient. (AC +4)
You are immune to poison.
You resist negative energy. (rN+)
You are resistant to electric shocks. (rElec)
You are resistant to unholy torment.
You are immune to petrification.


Message History

Pargi bites you. Pargi barely misses you. You block Pargi's attack.
There is a gate leading back out of this place here.
Pargi snarls, "Go!
Away!"
Pargi bites you. Pargi claws you but does no damage.
Pargi completely misses you.
Welcome back to the Dungeon!
There is a collapsed entrance here.
You enter the shallow water.
Moving in this stuff is going to be slow.
There is an open door here.
You enter the shallow water.
Moving in this stuff is going to be slow.
Pargi snarls, "My home!
Leave!"
Pargi bites you but does no damage. Pargi claws you. Pargi barely misses you.
Blink to where?
Press: ? - help, Dir - move target
As you read the scroll labelled FYALOU NYKHUN, it crumbles to dust.
It was a scroll of blinking.
You open the door.
An endoplasm and 3 orcs come into view.
The orc shouts! x3; You hear a shout!
An orc comes into view. It is wielding a +0 club.
Found a stone staircase leading down.
An orc comes into view. It is wielding a +0 flail.
The orc shouts! x2
There is an open door here.
The endoplasm hits you but does no damage.
The orc barely misses you.
You hit the orc.
The orc is moderately wounded.
The orc hits you but does no damage. You block the orc's attack. x2
The orc hits you with a +0 flail.
* * * LOW HITPOINT WARNING * * *
The endoplasm hits you but does no damage.
The orc hits you but does no damage.
You barely miss the orc. The orc completely misses you.
The orc hits you with a +0 flail.
* * * LOW HITPOINT WARNING * * *
The orc hits you with a +0 morningstar.
You die...

####.#...#........#
#.#####.###.##.# ##+##
#.# #....# ##...##
#.#####).#
##.....###........#
##.......######.#.##
#...>.....####....##
#..
+...oo....+.........
#..
#..@oJ....####....##
#.# ##Too....##
##.#.## #.# ##.....##
##...# #.# ##...##
#.... #.# ##'## #...#
######.#### #.# ###.#
..........# #.# #.#
##.###.##.########.##
#.#
....##......T...#...##
#.#


You could see Pargi, 5 orcs and an endoplasm.

Vanquished Creatures
  Jessica (D:2)
  Robin (D:2)
  5 adders
  An orc (D:3)
  6 ball pythons
  7 bats
  9 endoplasms
  3 giant cockroaches
  10 goblins
  5 hobgoblins
  4 jackals (D:1)
  2 quokkas (D:1)
  7 frilled lizards
  8 kobolds
  5 rats
74 creatures vanquished.

Notes
Turn   | Place    | Note
-------+----------+-------------------------------------------
     0 | D:1      | Tsarbomb the Gargoyle Fighter began the quest for the Orb.
     0 | D:1      | Reached XP level 1. HP: 14/14 MP: 1/1
   251 | D:1      | Reached XP level 2. HP: 19/19 MP: 2/2
   324 | D:1      | Reached skill level 3 in Maces & Flails
   659 | D:1      | Reached XP level 3. HP: 21/23 MP: 3/3
   703 | D:1      | You fall into a shaft and drop 1 floor!
   704 | D:2      | Noticed Jessica
  1166 | D:2      | Killed Jessica
  1167 | D:2      | Reached skill level 4 in Maces & Flails
  1167 | D:2      | Reached XP level 4. HP: 28/28 MP: 4/4
  1207 | D:2      | Noticed Robin
  1404 | D:2      | Killed Robin
  1691 | D:2      | Reached skill level 5 in Maces & Flails
  1758 | D:2      | Reached XP level 5. HP: 23/32 MP: 5/5
  2594 | D:3      | Found a glowing drain.
  2599 | Sewer    | Entered a sewer
  2754 | Sewer    | Noticed Pargi
  2827 | D:3      | Slain by an orc

Illustrated notes

Levels and vault maps discovered:
D:1:      dpeg_arrival_leaves_temple_mockup, layout_rooms,
          chequers_serial_rivers_room_a
D:2:      layout_loops_cross, serial_bayou_pond_e, uniq_jessica, uniq_robin
D:3:      layout_loops_corners, mainiacjoe_overflow_chevrons,
          portal_sewer_entry_e, uniq_ijyb

Skill      XL: |  1  2  3  4 |
---------------+-------------+-----
Maces & Flails | 3 4 5 |  5.4
Fighting       | |  3.2
Armour         | |  3.2
Shields        | |  3.2

Action                   |  1- 3 |  4- 6 || total
-------------------------+-------+-------++-------
Melee: Flail             |   106 |   178 ||   284
  Use: Scroll            |       |     1 ||     1
Armor: Scale mail        |    70 |   137 ||   207
Dodge: Dodged            |    66 |   119 ||   185
Block: Buckler           |    28 |    49 ||    77
